 Dungeon Crawl Stone Soup version 0.23-a0-625-g1d2cd9b (console) character file.

434 Duffy the Magician (level 6, 32/32 HPs)
             Began as a Deep Elf Fire Elementalist on Dec 24, 2018.
             Was a Believer of Elyvilon.
             Quit the game on level 3 of the Dungeon.
             The game lasted 00:03:49 (3165 turns).

Duffy the Magician (Deep Elf Fire Elementalist)     Turns: 3165, Time: 00:03:50

Health: 32/32      AC:  8    Str:  5    XL:     6   Next: 68%
Magic:  16/16      EV: 13    Int: 22    God:    Elyvilon [**....]
Gold:   81         SH:  0    Dex: 15    Spells: 15/16 levels left

rFire    . . .     SeeInvis .   (no weapon)
rCold    . . .     Gourm    .   (no shield)
rNeg     . . .     Faith    .   a - +0 robe
rPois    .         Spirit   .   l - +2 helmet
rElec    .         Reflect  .   j - +1 cloak
rCorr    .         Harm     .   (no gloves)
MR       .....                  f - +0 pair of boots
Stlth    ++........             (no amulet)
HPRegen  0.10/turn              (no ring)
MPRegen  0.15/turn              (no ring)

@: no status effects
A: no striking features
a: Lesser Healing, Heal Other, Divine Protection, Renounce Religion


You were on level 3 of the Dungeon.
You worshipped Elyvilon.
Elyvilon was pleased with you.
You were not hungry.

You visited 1 branch of the dungeon, and saw 3 of its levels.

You collected 81 gold pieces.

Inventory:

Armour
 a - a +0 robe (worn)
 f - a +0 pair of boots (worn)
 j - a +1 cloak (worn)
 l - a +2 helmet (worn)
Scrolls
 e - 6 scrolls of identify
 g - 3 scrolls of remove curse {unknown}
 h - a scroll of magic mapping {unknown}
 i - a scroll of random uselessness {unknown}
 k - a scroll of amnesia {unknown}
 n - a scroll of enchant weapon {unknown}
 o - a scroll of enchant armour {unknown}
Potions
 b - 2 potions of cancellation {unknown}
 m - a potion of curing {unknown}
Comestibles
 c - 4 rations
 d - a chunk of flesh


   Skills:
 - Level 2.4 Dodging
 - Level 2.4 Stealth
 + Level 5.5 Spellcasting
 + Level 5.2 Conjurations
 + Level 5.1 Fire Magic


You had 15 spell levels left.
You knew the following spells:

 Your Spells              Type           Power        Failure   Level  Hunger
h - Flame Tongue          Conj/Fire      ####.        1%          1    None

Your spell library contained the following spells:

 Spells                   Type           Power        Failure   Level  Hunger
 Throw Flame              Conj/Fire      ####..       1%          2    None
 Conjure Flame            Conj/Fire      ####....     3%          3    ##.....
 Inner Flame              Hex/Fire       ###.....     10%         3    ##.....
 Sticky Flame             Conj/Fire      ####....     12%         4    ####...
 Fireball                 Conj/Fire      ####......   32%         5    #####..


Dungeon Overview and Level Annotations

Branches:
Dungeon (3/15)

Altars:
Elyvilon


Message History

Confirm with . or Enter, or press ? or * to list all spells.
Aiming: Flame Tongue (safe; 1% risk of failure)
Press: ? - help, Shift-Dir - straight line, f/p - kobold
Aim: a kobold, wielding a +1 dagger of venom The flame tongue hits the kobold.
You kill the kobold!
Casting: Flame Tongue (safe; 1% risk of failure)
Confirm with . or Enter, or press ? or * to list all spells.
You can't see any susceptible monsters within range! (Use Z to cast anyway.)
Casting: Flame Tongue (safe; 1% risk of failure)
Confirm with . or Enter, or press ? or * to list all spells.
You can't see any susceptible monsters within range! (Use Z to cast anyway.) Eating one of 2 chunks of flesh.
You eat one of the 2 chunks of flesh.
This raw flesh tastes terrible.
You see here a +1 dagger of venom.
You see here a +1 dagger of venom.
You see here 20 bolts.
Found 16 bolts.
A worm comes into view.
Are you sure you want to abandon this character and quit the game? (Confirm

...#### #.# ...### #.#
.....####(###
..........#.#
.#.#...#..#.#
.#.###.#..#.#
...##..%..#.# ###
.......#.##.# #.#
..###.......#####@######
.......#.##.............#
.....................####
#.....##.##.#####(.#w#
.........##.# #..#.#
.##...#####.# #....#
.##...# #.# ##.#.#
....... ..# .#.# .## #.#
.# #


You could see a worm.

Vanquished Creatures
  The ghost of aspa the Magician, an amateur OpWz (D:3)
  Purgy (D:3)
  2 orc wizards (D:3)
  Terence (D:2)
  Robin (D:2)
  2 adders (D:2)
  4 gnolls
  An ooze (D:1)
  2 worms (D:2)
  3 dart slugs
  A leopard gecko (D:2)
  4 orcs (D:3)
  7 bats
  3 giant cockroaches (D:3)
  13 goblins
  10 hobgoblins
  3 frilled lizards
  2 kobolds
  3 rats
64 creatures vanquished.

Notes
Turn   | Place    | Note
-------+----------+-------------------------------------------
     0 | D:1      | Duffy the Deep Elf Fire Elementalist began the quest for
                  | the Orb.
     0 | D:1      | Reached XP level 1. HP: 10/10 MP: 6/6
   136 | D:1      | Reached XP level 2. HP: 15/15 MP: 2/8
   533 | D:1      | Reached XP level 3. HP: 11/19 MP: 2/9
  1516 | D:2      | Noticed Terence
  1521 | D:2      | Killed Terence
  1521 | D:2      | Reached XP level 4. HP: 18/24 MP: 4/11
  1590 | D:2      | Found a faded altar of an unknown god.
  1637 | D:2      | Became a worshipper of Elyvilon the Healer
  1637 | D:2      | Reached * piety under Elyvilon
  1804 | D:2      | Noticed Robin
  2026 | D:2      | Killed Robin
  2336 | D:3      | Found a runed door.
  2337 | D:3      | Noticed aspa's ghost (amateur OpWz)
  2347 | D:3      | Reached XP level 5. HP: 19/28 MP: 3/13
  2662 | D:3      | Killed aspa's ghost
  2662 | D:3      | Reached skill level 5 in Spellcasting
  2662 | D:3      | Reached XP level 6. HP: 14/32 MP: 5/15
  2924 | D:3      | Reached ** piety under Elyvilon
  2984 | D:3      | Noticed Purgy
  2993 | D:3      | Killed Purgy
  2993 | D:3      | Reached skill level 5 in Conjurations
  2993 | D:3      | Reached skill level 5 in Fire Magic
  3165 | D:3      | Quit the game

Vault maps used:
D:1:      dpeg_arrival_renting, minmay_misc_feat_pillars
D:2:      chequers_ecumenical_altar_simple_redux, kennysheep_cross_room,
          minmay_misc_feat_more_columns, uniq_terence, uniq_robin
D:3:      gammafunk_ghost_grave, uniq_purgy

Skill      XL: |  1  2  3  4  5  6 |
---------------+-------------------+-----
Conjurations   | 2 3 4 5 |  5.2
Fire Magic     | 4 5 |  5.1
Spellcasting   | 4 5 |  5.5
Dodging        | |  2.4
Stealth        | |  2.4

Action                   |  1- 3 |  4- 6 || total
-------------------------+-------+-------++-------
Melee: Unarmed           |       |     6 ||     6
 Cast: Flame Tongue      |    58 |    86 ||   144
  Use: Scroll            |       |     3 ||     3
  Eat: Chunk             |     2 |     5 ||     7
Armor: Robe              |     1 |    28 ||    29
Dodge: Dodged            |    17 |    41 ||    58

Table legend:
 A = Non-vault XP
 B = Vault XP
 C = Vault XP percentage of total XP
 D = Non-vault monster count
 E = Vault monster count
 F = Vault count percentage of total count
                 A         B        C        D         E       F
            +---------+---------+-------+---------+---------+-------
      Total |     258 |     363 |  58.5 |      50 |      14 |  21.9
            +---------+---------+-------+---------+---------+-------
        D:1 |      56 |       2 |   3.4 |      19 |       1 |   5.0
        D:2 |      53 |      69 |  56.6 |      12 |      11 |  47.8
        D:3 |     149 |     292 |  66.2 |      19 |       2 |   9.5
            +---------+---------+-------+---------+---------+-------
